Map: Mist Opportunities

Players

monk

  • Race: Terran Terran
  • Spawn Location: 6:00

sTkmonk

  • Race: Terran Terran
  • Spawn Location: 5:00

VOD

Have the link to the VOD?

Description

Time

  • Played on: Sept. 29, 2017, 5:21 a.m.
  • Length: 30:07
Show
View Real Time Build Order
Export as new Build Order

monk Terran 

Build Orders:  

Get SALT Encoding   

  12  0:06  SCV  
  13  0:23  SCV  
  14  0:35  Supply Depot  
  14  0:39  SCV  
  15  0:57  SCV  
  15  0:58  Factory  
  16  1:14  SCV  
  18  1:31  SCV  
  18  1:33  Devastation Turret  
  18  1:48  SCV  
  19  1:55  Devastation Turret  
  19  2:05  SCV  
  21  2:22  SCV  
  21  2:31  Command Center  
  21  2:39  SCV  
  22  2:44  Refinery  
  22  2:56  SCV  
  23  3:06  Refinery  
  23  3:13  SCV  
  23  3:16  SCV  
  25  3:24  Refinery  
  26  3:30  SCV  
  26  3:33  SCV  
  26  3:35  Refinery  
  27  3:47  SCV  
  29  3:50  SCV  
  29  4:04  SCV  
  29  4:05  Factory Tech Reactor  
  29  4:09  SCV  
  32  4:21  SCV  
  32  4:23  Supply Depot  
  33  4:31  SCV  
  33  4:38  SCV  
  34  4:42  Starport  
  34  4:46  Factory Tech Reactor  
  34  4:48  SCV  
  35  4:57  SCV  
  35  4:58  Supply Depot  
  36  5:04  Perdition Turret  
  36  5:05  SCV  
  37  5:14  SCV  
  39  5:22  SCV  
  40  5:30  Supply Depot  
  40  5:31  SCV  
  40  5:32  Starport Tech Reactor  
  40  5:39  SCV  
  44  5:42  Perdition Turret  
  44  5:43  Maelstrom Rounds  
  44  5:44  Siege Tank  
  44  5:48  SCV  
  45  5:52  Siege Tank  
  45  5:56  SCV, Hercules  
  52  6:04  Science Vessel  
  52  6:05  SCV  
  55  6:15  Improved Nano-Repair  
  56  6:20  SCV  
  56  6:23  SCV  
  56  6:24  Supply Depot  
  56  6:28  Science Vessel  
  59  6:37  SCV  
  60  6:49  SCV  
  61  6:54  Siege Tank x2  
  61  6:59  Supply Depot  
  67  7:02  Supply Depot  
  67  7:09  SCV x2  
  69  7:28  SCV x2  
  71  7:30  Siege Tank x2  
  77  7:53  Supply Depot  
  77  7:56  Armory  
  77  8:01  Spinning Dizzy  
  77  8:06  SCV  
  78  8:14  SCV  
  78  8:18  Perdition Turret  
  79  8:20  Perdition Turret  
  79  8:41  Supply Depot  
  79  8:42  Siege Tank  
  79  8:43  Perdition Turret, Siege Tank  
  79  8:46  Upgrade Laser Drill Level 1  
  79  8:47  Terran Vehicle and Ship Weapons Level 1, Factory  
  85  8:53  Science Vessel x2  
  85  8:56  SCV  
  85  8:57  SCV  
  91  9:12  Supply Depot x2  
  91  9:13  SCV  
  91  9:15  Ares-Class Targeting System  
  92  9:22  Perdition Turret  
  92  9:34  Factory Tech Reactor  
  92  9:35  Goliath x2  
  96  9:47  Perdition Turret  
  96  9:51  Defensive Matrix  
  96  10:07  Goliath x2  
  100  10:11  Goliath x2  
  104  10:31  Supply Depot  
  104  10:34  Supply Depot  
  104  10:39  Goliath x2  
  108  10:42  Goliath  
  110  10:55  Goliath  
  110  11:10  Goliath  
  110  11:11  Goliath  
  114  11:24  Goliath  
  114  11:27  Goliath  
  118  11:37  Devastation Turret  
  118  11:42  Goliath  
  118  11:43  Goliath  
  122  12:01  Upgrade Laser Drill Level 2  
  122  12:03  Terran Vehicle and Ship Weapons Level 2  
  122  12:09  Goliath x2  
  126  12:14  Goliath  
  126  12:16  Multi-Lock Weapons System  
  128  12:37  Goliath  
  130  12:41  Goliath  
  132  12:51  Goliath  
  134  13:09  Perdition Turret  
  134  13:15  Siege Tank x3  
  134  13:26  Supply Depot  
  134  13:31  Goliath x3  
  134  13:37  Supply Depot  
  134  13:39  Goliath  
  141  13:50  Siege Tank  
  141  13:57  Perdition Turret  
  137  14:03  Goliath  
  137  14:07  Goliath, Supply Depot  
  137  14:08  Goliath  
  143  14:10  Supply Depot  
  137  14:24  Goliath  
  139  14:35  Goliath  
  141  14:51  Goliath  
  141  14:52  Goliath  
  141  14:56  Goliath  
  147  15:06  Goliath  
  149  15:24  Goliath  
  149  15:25  Goliath  
  149  15:28  Goliath  
  151  15:51  Goliath  
  151  15:56  Goliath  
  151  15:57  Goliath  
  155  16:00  Goliath  
  157  16:23  Goliath  
  157  16:28  Goliath  
  157  16:29  Goliath  
  163  16:32  Goliath  
  165  16:46  Terran Vehicle and Ship Weapons Level 3  
  165  16:48  Supply Depot  
  165  16:49  Supply Depot  
  165  16:55  Siege Tank  
  165  17:03  Goliath x3  
  165  17:04  Goliath  
  171  17:35  Goliath x2  
  171  17:42  Perdition Turret  
  171  17:44  Perdition Turret  
  171  17:46  Perdition Turret  
  169  17:55  Siege Tank x2  
  175  18:07  Siege Tank x2  
  175  18:08  Perdition Turret  
  181  18:24  Perdition Turret  
  181  18:35  Perdition Turret  
  181  18:38  Siege Tank  
  181  18:46  Perdition Turret x2  
  181  18:48  Perdition Turret  
  181  18:54  Siege Tank  
  181  18:55  Perdition Turret, Siege Tank  
  181  18:57  Siege Tank  
  181  19:00  Siege Tank  
  181  19:09  Siege Tank  
  173  19:14  Spinning Dizzy  
  173  19:15  Spinning Dizzy  
  176  19:20  Perdition Turret  
  176  19:21  Perdition Turret  
  176  19:22  Perdition Turret  
  176  19:25  Perdition Turret  
  176  19:26  Siege Tank x3  
  176  19:27  Siege Tank x2  
  170  19:30  Siege Tank  
  164  19:56  Perdition Turret x4, Siege Tank  
  164  19:57  Perdition Turret  
  164  19:58  Perdition Turret  
  176  20:01  Perdition Turret  
  176  20:02  Perdition Turret  
  173  20:21  Perdition Turret  
  173  20:23  Engineering Bay  
  173  20:24  Supply Depot  
  173  20:27  Supply Depot  
  176  20:38  Thor  
  182  20:44  Thor  
  182  20:47  SCV x2  
  190  20:51  Thor  
  196  21:03  Perdition Turret  
  196  21:04  SCV x2  
  198  21:20  Perdition Turret, Hi-Sec Auto Tracking  
  198  21:21  Perdition Turret  
  198  21:23  Supply Depot  
  198  21:26  Perdition Turret  
  198  21:27  Perdition Turret  
  198  21:28  Perdition Turret  
  198  21:29  Perdition Turret  
  198  21:30  Perdition Turret  
  198  21:37  SCV x2  
  200  21:50  Perdition Turret  
  200  21:54  Perdition Turret  
  200  22:20  Building Armor  
  200  22:22  Terran Vehicle And Ship Armor Level 1  
  200  22:26  Armory  
  200  22:33  Perdition Turret  
  200  22:35  Spinning Dizzy  
  200  22:42  Siege Tank x4  
  200  22:47  Perdition Turret x2  
  200  22:48  Regenerative Bio-Steel  
  200  22:50  Siege Tank x2  
  200  22:51  Spinning Dizzy, Siege Tank x3  
  200  22:56  Perdition Turret  
  200  22:57  Perdition Turret, Spinning Dizzy  
  200  23:00  Spinning Dizzy  
  200  23:09  Spinning Dizzy  
  200  23:12  Spinning Dizzy  
  200  23:20  KMC Auto-Loaders  
  200  23:22  Perdition Turret  
  200  23:25  Perdition Turret  
  200  23:32  Spinning Dizzy  
  200  23:34  Siege Tank x2  
  200  23:37  Spinning Dizzy  
  200  23:39  Siege Tank  
  200  23:43  Perdition Turret  
  200  23:49  Perdition Turret  
  200  23:55  Perdition Turret  
  200  23:58  Spinning Dizzy  
  200  24:00  Perdition Turret  
  200  24:11  Perdition Turret  
  200  24:12  Perdition Turret  
  200  24:18  Spinning Dizzy, Advanced Optics  
  200  24:23  Spinning Dizzy  
  200  24:25  Spinning Dizzy  
  200  24:26  Spinning Dizzy  
  200  24:33  Spinning Dizzy  
  200  24:35  Spinning Dizzy  
  200  24:37  Spinning Dizzy  
  200  24:38  Spinning Dizzy  
  200  24:39  Spinning Dizzy  
  200  24:45  Spinning Dizzy  
  200  24:46  Spinning Dizzy  
  200  24:50  Spinning Dizzy, Fire-Suppression Systems  
  200  24:54  Spinning Dizzy x2  
  200  25:09  Spinning Dizzy  
  200  25:10  Spinning Dizzy  
  200  25:11  Spinning Dizzy  
  200  25:15  Spinning Dizzy x2  
  200  25:18  Perdition Turret  
  200  25:19  Perdition Turret x2  
  200  25:22  Perdition Turret  
  200  25:27  Terran Vehicle And Ship Armor Level 2  
  200  25:29  Spinning Dizzy  
  200  25:33  Perdition Turret x3  
  200  25:34  Spinning Dizzy  
  200  25:49  Spinning Dizzy  
  200  25:50  Spinning Dizzy  
  200  25:53  Spinning Dizzy  
  200  25:54  Spinning Dizzy  
  200  25:57  Perdition Turret  
  200  26:08  Spinning Dizzy  
  200  26:10  Spinning Dizzy  
  200  26:12  Perdition Turret  
  200  26:14  Spinning Dizzy x2  
  200  26:18  Spinning Dizzy  
  200  26:28  Spinning Dizzy  
  200  26:29  Spinning Dizzy  
  200  26:31  Spinning Dizzy  
  200  26:39  Perdition Turret x2  
  200  26:41  Spinning Dizzy  
  200  26:52  Perdition Turret  
  200  26:57  Spinning Dizzy  
  200  27:02  Perdition Turret  
  200  27:16  Perdition Turret  
  200  27:32  Spinning Dizzy  
  200  27:34  Spinning Dizzy  
  200  27:50  Spinning Dizzy  
  200  27:51  Spinning Dizzy  
  200  27:52  Spinning Dizzy x2  
  200  27:55  Spinning Dizzy  
  200  27:56  Spinning Dizzy  
  200  28:02  Spinning Dizzy  
  200  28:05  Spinning Dizzy  
  200  28:07  Spinning Dizzy  
  200  28:10  Perdition Turret x3  
  200  28:12  Spinning Dizzy  
  200  28:14  Perdition Turret x2, Spinning Dizzy x2  
  200  28:15  Perdition Turret  
  200  28:16  Spinning Dizzy  
  200  28:17  Perdition Turret x2  
  200  28:18  Perdition Turret x2  
  200  28:19  Perdition Turret  
  199  28:25  Spinning Dizzy  
  199  28:28  Spinning Dizzy  
  199  28:30  Spinning Dizzy  
  199  28:37  Spinning Dizzy  
  199  28:45  Spinning Dizzy  
  199  28:56  Spinning Dizzy  
  199  29:00  Siege Tank x2  
  199  29:01  Siege Tank x2  
  199  29:02  Spinning Dizzy  
  199  29:04  Spinning Dizzy  
  199  29:16  Spinning Dizzy  
  199  29:21  Spinning Dizzy  
  199  29:30  Spinning Dizzy  
  199  29:31  Spinning Dizzy  
  199  29:49  Spinning Dizzy  
Show
View Real Time Build Order
Export as new Build Order

sTkmonk Terran 

Build Orders:  

Get SALT Encoding   

Tags
 
Add a new tag
Caveats
  • Supply blocks, unpowered buildings, or Contaminate may cause inaccurate times.
  • Supply counts are checked every 10 seconds.